Map: Base du roi Sejong EC

Players

sWarmKinG - Winner!

  • Race: Zerg Zerg
  • League: Silver
  • Spawn Location: 11:00

zidar

  • Race: Zerg Zerg
  • League: Gold
  • Spawn Location: 5:00

VOD

Have the link to the VOD?

Description

Time

  • Played on: June 4, 2016, 9:39 a.m.
  • Length: 13:50
Show
View Real Time Build Order
Export as new Build Order

sWarmKinG Zerg - Winner!

Build Orders: Pool First 

Get SALT Encoding   

  12  0:01  Drone  
  13  0:12  Drone  
  14  0:17  Overlord  
  14  0:26  Extractor  
  14  0:27  Extractor  
  14  0:28  Drone  
  13  0:31  Drone  
  16  0:37  Drone  
  17  0:48  Spawning Pool  
  16  1:00  Drone x2  
  18  1:09  Extractor  
  17  1:22  Hatchery, Drone  
  17  1:23  Drone  
  18  1:34  Drone  
  18  1:38  Queen  
  21  1:52  Overlord  
  21  2:27  Zergling x6  
  24  2:30  Metabolic Boost  
  24  2:34  Roach Warren  
  23  2:38  Extractor  
  23  2:39  Queen  
  23  2:42  Queen  
  26  2:49  Drone x3  
  26  2:50  Drone  
  30  3:01  Drone x2  
  30  3:02  Drone  
  33  3:08  Overlord  
  33  3:24  Drone x3  
  33  3:26  Overlord  
  36  3:39  Lair  
  36  3:41  Drone  
  36  3:42  Drone x2  
  36  3:44  Drone  
  36  3:46  Drone x2  
  41  4:04  Roach  
  41  4:05  Roach x4  
  50  4:20  Spine Crawler x2  
  50  4:21  Roach  
  50  4:23  Overlord, Spine Crawler  
  49  4:24  Overlord  
  49  4:28  Roach  
  49  5:19  Drone  
  49  5:20  Drone x5  
  55  5:24  Extractor x2  
  53  5:34  Spire  
  52  5:36  Evolution Chamber  
  52  5:38  Evolution Chamber  
  50  6:01  Roach x2  
  50  6:02  Roach x6, Hatchery  
  50  6:03  Roach  
  67  6:04  Overlord  
  67  6:07  Overlord  
  67  6:17  Drone  
  68  6:19  Hatchery  
  67  6:31  Roach x2  
  67  6:32  Roach x4  
  79  6:35  Drone  
  79  6:36  Drone  
  81  6:49  Drone x2  
  81  6:52  Drone  
  84  6:54  Overlord x2  
  84  7:13  Roach  
  84  7:14  Roach x5  
  96  7:36  Roach  
  96  7:37  Roach x4  
  104  7:41  Overlord x4  
  106  8:06  Spore Crawler  
  106  8:07  Spore Crawler x3  
  106  8:10  Spore Crawler  
  106  8:12  Spore Crawler x4  
  95  8:22  Roach  
  95  8:23  Roach x6  
  109  8:36  Roach x3  
  51  9:05  Spore Crawler  
  51  9:07  Drone x2  
  51  9:08  Queen, Drone  
  55  9:16  Spore Crawler  
  54  9:17  Spore Crawler  
  54  9:19  Spore Crawler  
  48  9:56  Roach x10  
  32  11:22  Roach x2  
  32  11:23  Roach  
  17  11:48  Roach x3  
  17  11:49  Roach x5  
  17  11:50  Roach x3  
  39  12:01  Drone  
  18  12:39  Drone  
  18  12:40  Drone  
  15  13:14  Extractor  
  13  13:24  Extractor  
Show
View Real Time Build Order
Export as new Build Order

zidar Zerg 

Build Orders: Pool First 

Get SALT Encoding   

  12  0:01  Drone  
  13  0:12  Overlord  
  13  0:17  Drone  
  14  0:30  Drone x2  
  14  0:34  Drone  
  17  0:50  Spawning Pool, Drone  
  17  1:12  Hatchery  
  17  1:14  Drone  
  17  1:17  Extractor  
  16  1:19  Drone  
  16  1:23  Drone  
  18  1:38  Queen  
  20  1:40  Drone  
  21  1:49  Drone  
  22  2:01  Overlord  
  22  2:06  Extractor  
  21  2:11  Drone  
  23  2:19  Queen  
  24  2:33  Roach Warren  
  23  2:42  Zergling x6  
  23  2:43  Zergling x2  
  27  2:48  Extractor, Drone x4  
  30  3:17  Roach  
  30  3:18  Roach x2, Overlord  
  30  3:19  Overlord  
  36  3:38  Roach  
  36  3:39  Roach x3  
  44  3:44  Roach  
  44  3:47  Roach  
  48  4:01  Drone x3  
  48  4:02  Drone  
  52  4:27  Overlord x2  
  52  4:28  Overlord  
  46  5:01  Drone x11  
  57  5:18  Lair  
  55  5:43  Extractor x2  
  55  5:49  Roach x9  
  71  6:18  Spire  
  70  6:30  Pneumatized Carapace  
  70  7:09  Overlord x4  
  70  7:10  Overlord x2  
  70  7:33  Mutalisk  
  70  7:34  Mutalisk x11  
  70  7:35  Mutalisk  
  96  8:06  Mutalisk  
  96  8:07  Mutalisk x2  
  96  8:38  Mutalisk x3  
  100  8:42  Drone  
  95  8:51  Hatchery  
  86  9:18  Hatchery  
  72  10:28  Hatchery  
  56  11:53  Drone x3  
  46  12:33  Drone x3  
  38  13:16  Drone  
Tags
 
Add a new tag
Caveats
  • Supply blocks, unpowered buildings, or Contaminate may cause inaccurate times.
  • Supply counts are checked every 10 seconds.